 Dungeon Crawl Stone Soup version 0.31.0-11-ge490571c62 (webtiles) character file.

Game seed: 9681820055577362032

11976 Strat the Grappler (level 11, 0/94 HPs)
             Began as a Demigod Shapeshifter on Jan 29, 2024.
             Slain by a minotaur (32 damage)
             ... in a Gauntlet.
             The game lasted 00:24:05 (9494 turns).

Strat the Grappler (Demigod Shapeshifter)           Turns: 9494, Time: 00:24:06

Health: 0/94       AC:  4    Str: 31    XL:     11   Next: 31%
Magic:  14/14      EV: 17    Int: 21    God:
Gold:   1260       SH:  0    Dex: 13    Spells: 10/10 levels left

rFire   . .          .
                       - Unarmed
rCold   . . .        (no shield)
rNeg    + . .        G - +1 troll leather armour of Inquiry {rPois rN+ Will+ Regen+ Str-2}
rPois   +            (helmet currently unavailable)
rElec   .            (cloak currently unavailable)
rCorr   .            (gloves currently unavailable)
SInv    .            (boots currently unavailable)
Will    ++...        s - amulet of the acrobat
Stlth   +            A - +5 ring of evasion
HPRegen 1.15/turn    o - ring of Vehumet's Supremacy {Str+6 Int+9 Slay+5}
MPRegen 0.14/turn

%: no teleportation, acrobat
@: beast-form
A: beast (slay +4), high MP 1, forlorn, divine attributes
a: Begin Untransformation


You were in a Gauntlet.
You were a hulking beast.
You visited 2 branches of the dungeon, and saw 11 of its levels.
You also visited: Gauntlet.

You collected 1403 gold pieces.
You spent 143 gold pieces at shops.

Inventory:

Hand Weapons
 b - a +1 sling
Missiles
 k - 74 poisoned darts
 u - 6 curare-tipped darts
 v - 17 boomerangs
 y - 5 throwing nets (quivered)
Armour
 G - the +1 troll leather armour of Inquiry (worn) {rPois rN+ Will+ Regen+ Str-2}
   (You took it off an orc on level 5 of the Dungeon)

   Str-2:     It affects your strength (-2).
   rPois:     It protects you from poison rN+: It protects you from negative
   energy.
   Will+:     It increases your willpower.
   Regen+:    It increases your rate of health regeneration.
 I - a +1 kite shield
Jewellery
 a - a ring of protection from fire
 o - the ring of Vehumet's Supremacy (right hand) {Str+6 Int+9 Slay+5}
   (You found it in a Gauntlet)

   [ring of strength]

   Str+6:     It affects your strength (+6).
   Int+9:     It affects your intelligence (+9).
   Slay+5:    It affects your accuracy & damage with ranged weapons and melee
   (+5).
 s - an amulet of the acrobat (around neck)
 A - a +5 ring of evasion (left hand)
 B - the ring of the Philosopher {rN+ Will+ SInv}
   (You found it in a Gauntlet)

   [ring of see invisible]

   rN+:       It protects you from negative energy.
   Will+:     It increases your willpower.
   SInv:      It lets you see invisible.
 D - a ring of wizardry
Talismans
 c - a beast talisman (active)
 d - a flux talisman
 p - a blade talisman
Scrolls
 e - a scroll of enchant weapon
 g - 2 scrolls of blinking
 i - a scroll of noise
 m - a scroll of teleportation
 n - a scroll of amnesia
 x - a scroll of fog
 z - a scroll of enchant armour
Potions
 f - 2 potions of mutation
 h - a potion of enlightenment {unknown}
 j - a potion of lignification
 l - a potion of attraction {unknown}
 q - a potion of brilliance
 r - a potion of haste {unknown}
 w - 2 potions of heal wounds
 F - a potion of curing
 H - a potion of berserk rage {unknown}
 L - a potion of degeneration {unknown}


   Skills:
 + Level 8.2 Fighting
 - Level 1.7 Dodging
 * Level 13.2 Unarmed Combat
 + Level 7.4 Shapeshifting


You had 10 spell levels left.
You didn't know any spells.
Your spell library contained the following spells:

 Spells                   Type           Power      Damage    Failure   Level
 Kiss of Death            Conj/Necr      0%         2d5       21%         1
 Cigotuvi's Dreadful Rot  Necr/Alch/Air  0%         N/A       30%         2
 Mercury Vapours          Alch/Air       0%         N/A       30%         2
 Confusing Touch          Hex            0%         N/A       52%         3
 Mephitic Cloud           Conj/Alch/Air  0%         N/A       52%         3
 Tukima's Dance           Hex            0%         N/A       52%         3
 Dispel Undead            Necr           0%         3d6       89%         4
 Ignite Poison            Fire/Alch      0%         N/A       89%         4
 Passage of Golubria      Tloc           0%         N/A       89%         4
 Alistair's Intoxication  Alch           0%         N/A       99%         5
 Borgnjor's Vile Clutch   Necr/Erth      0%         N/A       99%         5
 Freezing Cloud           Conj/Ice/Air   0%         6-21      99%         5
 Yara's Violent Unravell  Hex/Alch       0%         3d3       99%         5
 Eringya's Noxious Bog    Alch           0%         4d6       100%        6


Dungeon Overview and Level Annotations

Branches:
Dungeon (10/15)            Temple (0/1) D:6            Lair (1/5) D:10
Gauntlet (1/1)
    Orc: D:9-12

Shops:
D:3 *   D:4 *!*[*   D:10 [

Annotations:
D:5 Edmund
D:6 Sigmund
D:8 Maggie
D:10 Gastronok Gauntlet 6 transporters, 4 runed translucent doors


Innate Abilities, Weirdness & Mutations

You are a hulking beast.
Your limbs bulge with bestial killing power. (Slay +4)
You have an increased reservoir of magic. (+10% MP)
You shall have no god before yourself.
Your divine heritage dramatically boosts your attributes as you level up.


Message History

You hit the minotaur but do no damage.
The minotaur is lightly wounded.
The minotaur hits you. The minotaur closely misses you.
You punch the minotaur!
The minotaur is moderately wounded.
The minotaur closely misses you. The minotaur gores you!
You hit the minotaur. Your punch misses the minotaur.
The minotaur is moderately wounded.
You hit the minotaur but do no damage.
The minotaur is moderately wounded.
The minotaur hits you.
* * * LOW HITPOINT WARNING * * *
The minotaur gores you!
* * * LOW HITPOINT WARNING * * *
You hit the minotaur.
The minotaur is heavily wounded.
The minotaur hits you!
* * * LOW HITPOINT WARNING * * *
The minotaur gores you!
* * * LOW HITPOINT WARNING * * *
You barely miss the minotaur.
The minotaur is heavily wounded.
You feel much better. The minotaur hits you.
* * * LOW HITPOINT WARNING * * *
The minotaur gores you but does no damage.
You hit the minotaur but do no damage.
The minotaur is heavily wounded.
The minotaur completely misses you. The minotaur misses you.
You punch the minotaur!
The minotaur is severely wounded.
The minotaur hits you.
* * * LOW HITPOINT WARNING * * *
The minotaur gores you!
* * * LOW HITPOINT WARNING * * *
You completely miss the minotaur.
The minotaur furiously retaliates!
The minotaur headbutts you!
* * * LOW HITPOINT WARNING * * *
The minotaur is severely wounded.
The minotaur hits you!!
You die...

#.⌠ #.. +⌠. .. #H
######'#######
.............#
.###.###H###.#
.......h.....#
##.###.###.###
##.###.###.#####
...............#
.⌠.⌠.©.©.⌠.⌠.⌠.#
...............#
################ ##
#.......###≈###≈##
#..∩.⌠.∩..#≈≈≈#≈≈≈#


You could see a minotaur.

Vanquished Creatures
  Harold (D:10)
  Nergalle (Lair:1)
  Amaemon (D:9)
  A large abomination (Gauntlet)
  6 centaur zombies (D:10)
  An orange demon (D:9)
  A cane toad (Lair:1)
  A kobold demonologist (D:10)
  A tengu conjurer (Gauntlet)
  4 blink frogs (Lair:1)
  A shadow (D:9)
  6 yaks
  2 steam dragons
  3 water moccasins
  An ice beast (D:6)
  A swamp drake (D:10)
  2 orc warriors (D:10)
  2 black bears
  An ogre (D:5)
  5 small abominations (Gauntlet)
  2 centaurs
  A phantom (D:6)
  16 kobold brigands (D:10)
  3 bullfrogs
  A gnoll sergeant (D:6)
  3 scorpions
  A necrophage (D:10)
  5 wights
  13 killer bees
  A howler monkey (D:10)
  A bombardier beetle (D:6)
  2 hounds
  An iron imp (Gauntlet)
  A jelly (D:6)
  A human zombie (D:10)
  2 orc priests
  A gnoll bouda (D:3)
  Jessica (D:2)
  3 iguanas
  8 orc wizards
  A howler monkey zombie (D:10)
  2 mummies (D:10)
  7 gnolls
  4 adders
  2 shadow imps
  A white imp (D:6)
  2 ufetubi (D:5)
  5 dart slugs
  4 ribbon worms
  33 orcs
  10 ball pythons
  A bat (D:1)
  3 endoplasms
  3 giant cockroaches
  11 goblins
  5 hobgoblins
  4 jackals (D:5)
  14 kobolds
  3 quokkas
  A frilled lizard (D:3)
  3 rats
  A spectral kobold (D:5)
229 creatures vanquished.

Vanquished Creatures (collateral kills)
  2 orc wizards (D:8)
2 creatures vanquished.

Grand Total: 231 creatures vanquished

Notes
Turn   | Place    | Note
-------+----------+-------------------------------------------
     0 | D:1      | Strat the Demigod Shapeshifter began the quest for the Orb.
     0 | D:1      | Reached XP level 1. HP: 15/15 MP: 3/3
    71 | D:1      | Reached skill level 3 in Unarmed Combat
   160 | D:1      | Reached XP level 2. HP: 8/22 MP: 4/4
  1000 | D:2      | Noticed Jessica
  1012 | D:2      | Killed Jessica
  1013 | D:2      | Reached skill level 4 in Unarmed Combat
  1013 | D:2      | Reached XP level 3. HP: 13/27 MP: 5/5
  1699 | D:2      | Reached XP level 4. HP: 34/34 MP: 6/6
  2036 | D:3      | Found Edemipn's General Store.
  2041 | D:3      | Bought 2 throwing nets for 78 gold pieces
  2106 | D:3      | Reached skill level 5 in Unarmed Combat
  2878 | D:4      | Found Qorghoggir's Assorted Antiques.
  2931 | D:4      | Reached XP level 5. HP: 39/39 MP: 7/7
  3034 | D:4      | Reached skill level 6 in Unarmed Combat
  3117 | D:4      | Reached skill level 1 in Fighting
  3189 | D:4      | Found Noakyor's Distillery.
  3213 | D:4      | Found Kimoxit's Assorted Antiques.
  3214 | D:4      | Bought a potion of heal wounds for 65 gold pieces
  3286 | D:4      | Reached XP level 6. HP: 32/47 MP: 8/8
  3421 | D:4      | Found Vimedu's Armour Boutique.
  3587 | D:4      | Found Liuroir's Assorted Antiques.
  3690 | D:5      | Entered Level 5 of the Dungeon
  4074 | D:5      | Identified the +1 leather armour of Xoaggamu {rF+ Str+3}
  4124 | D:5      | Noticed Edmund
  4392 | D:5      | Reached XP level 7. HP: 45/56 MP: 9/9
  4602 | D:5      | Identified the +1 troll leather armour of Inquiry {rPois
                  | rN+ Will+ Regen+ Str-2}
  4701 | D:6      | Noticed Sigmund
  5032 | D:6      | Reached skill level 7 in Unarmed Combat
  5058 | D:6      | Found a staircase to the Ecumenical Temple.
  5338 | D:6      | Reached XP level 8. HP: 58/66 MP: 10/10
  5686 | D:7      | Reached skill level 5 in Shapeshifting
  5979 | D:7      | Reached skill level 5 in Fighting
  5991 | D:7      | Reached skill level 8 in Unarmed Combat
  6546 | D:8      | Noticed Maggie
  7049 | D:9      | Noticed an orange demon
  7050 | D:9      | Noticed Amaemon
  7080 | D:8      | Reached XP level 9. HP: 31/74 MP: 11/11
  7266 | D:9      | Killed Amaemon
  7267 | D:9      | Reached skill level 9 in Unarmed Combat
  7281 | D:9      | Killed an orange demon
  7372 | D:9      | Reached skill level 10 in Unarmed Combat
  7699 | D:10     | Entered Level 10 of the Dungeon
  7744 | D:10     | Noticed Harold
  7756 | D:10     | Killed Harold
  7835 | D:10     | Reached XP level 10. HP: 69/83 MP: 13/13
  7914 | D:10     | Noticed a fire crab
  7952 | D:10     | Reached skill level 11 in Unarmed Combat
  7999 | D:10     | Found a staircase to the Lair.
  8428 | D:10     | Reached skill level 12 in Unarmed Combat
  8573 | D:10     | Found Bakuc's Armour Boutique.
  8581 | D:10     | Noticed Gastronok
  8676 | Lair:1   | Entered Level 1 of the Lair of Beasts
  8704 | Lair:1   | Reached XP level 11. HP: 52/93 MP: 14/14
  8713 | Lair:1   | Identified a scroll of acquirement
  8713 | Lair:1   | Acquired 888 gold pieces
  9035 | Lair:1   | Noticed Nergalle
  9044 | Lair:1   | Killed Nergalle
  9069 | Lair:1   | Reached skill level 13 in Unarmed Combat
  9082 | Lair:1   | Found a gate leading to a gauntlet.
  9096 | Gauntlet | Entered a Gauntlet
  9096 | Gauntlet | Noticed a tengu warrior
  9096 | Gauntlet | Found a transporter.
  9096 | Gauntlet | Found a transporter.
  9119 | Gauntlet | Found a transporter.
  9122 | Gauntlet | Found a transporter.
  9127 | Gauntlet | Noticed an arcanist
  9132 | Gauntlet | Found a transporter.
  9184 | Gauntlet | Found a transporter.
  9185 | Gauntlet | Found a transporter.
  9193 | Gauntlet | Found a transporter.
  9197 | Gauntlet | Found a transporter.
  9199 | Gauntlet | Noticed a death scarab
  9201 | Gauntlet | Noticed a death scarab
  9203 | Gauntlet | Found a runed translucent gate.
  9203 | Gauntlet | Found a runed translucent gate.
  9203 | Gauntlet | Found a runed translucent gate.
  9264 | Gauntlet | Found a transporter.
  9268 | Gauntlet | Found a runed translucent door.
  9268 | Gauntlet | Found a runed translucent door.
  9272 | Gauntlet | Found a transporter.
  9272 | Gauntlet | Noticed a large abomination
  9322 | Gauntlet | Identified the ring of Vehumet's Supremacy {Str+6 Int+9
                  | Slay+5}
  9384 | Gauntlet | Identified the ring of the Philosopher {rN+ Will+ SInv}
  9390 | Gauntlet | Killed a large abomination
  9410 | Gauntlet | Found a transporter.
  9477 | Gauntlet | Noticed a minotaur
  9494 | Gauntlet | Slain by a minotaur

Illustrated notes

Levels and vault maps discovered:
D:1:      dpeg_arrival_refuge, layout_loops_ring, st_stairs_6,
          nicolae_hexahallways, kennysheep_nondescript
D:2:      minmay_wonky_spiral, layout_basic, kennysheep_another_room,
          uniq_jessica
D:3:      layout_rooms, hellmonk_ecumenical_altar_heavens_door, serial_shops,
          nicolae_shop_rolling_square
D:4:      layout_cave_pools, elyvilon_altar_5, serial_shops, shop,
          nicolae_shop_waterfront, shop, kennysheep_little_box,
          nicolae_shop_tiny_waterfront
D:5:      layout_basic, nicolae_hepliaklqana_monster_ancestors,
          overflow_temple_1_default, uniq_edmund
D:6:      layout_rooms, minmay_temple_entry_waves, uniq_sigmund
D:7:      layout_basic, fedhas_altar_2
D:8:      layout_gridville, uniq_maggie
D:9:      layout_rooms, nicolae_overflow_macrodata_refinement,
          mainiacjoe_overflow_catwalk_spiral, erik_orc_2, uniq_amaemon
D:10:     layout_roguey [special_room_kobold], nicolae_vehumet_radiance,
          lemuel_mausoleum_altar_yredelemnul, minmay_lair_entry_lava,
          serial_shops, shop, uniq_harold, uniq_gastronok
Lair:1:   layout_gridlike, gauntlet_entry_generic, uniq_nergalle
Gauntlet: minmay_gauntlet_77_indecision [minmay_gauntlet_arena_77_fan,
          minmay_gauntlet_arena_77_box, minmay_gauntlet_arena_77_museum,
          minmay_gauntlet_arena_77_hold_the_fort,
          minmay_gauntlet_arena_77_shame_cube,
          minmay_gauntlet_arena_77_run_for_it, gauntlet_exit_hidden_loot]

Skill      XL: |  1  2  3  4  5  6  7  8  9 10 11 |
---------------+----------------------------------+-----
Unarmed Combat | 3 4 5 6 7 8 10 12 13 | 13.2
Fighting       | 1 2 4 5 7 8 |  8.2
Shapeshifting  | 3 4 6 7 |  7.4
Dodging        | |  1.7

Action                     |  1- 3 |  4- 6 |  7- 9 | 10-12 || total
---------------------------+-------+-------+-------+-------++-------
  Melee: Unarmed           |    61 |   116 |   333 |   273 ||   783
         Punch             |     4 |     5 |    14 |    22 ||    45
   Fire: Sling             |    49 |    95 |    33 |       ||   177
  Throw: Throwing net      |       |     3 |       |       ||     3
Ability: Begin Untransform |       |       |     1 |       ||     1
  Evoke: Wand              |       |     3 |     4 |     5 ||    12
    Use: Potion            |       |     1 |     2 |     3 ||     6
         Scroll            |       |       |    18 |     4 ||    22
   Stab: Paralysed         |       |     4 |     9 |       ||    13
 Armour: Animal skin       |    31 |    62 |     2 |       ||    95
         Troll leather arm |       |       |   149 |   133 ||   282
         Skin              |       |       |     2 |       ||     2
  Dodge: Dodged            |    41 |    94 |   312 |   225 ||   672
   Form: Beast             |       |       |     2 |       ||     2
         Flux              |       |       |     1 |       ||     1
